 Dungeon Crawl Stone Soup version 0.27-a0-633-gc6addc0a40 (webtiles) character file.

Game seed: 933877286406803190

167 jestyr24 the Digger (level 5, -2/28 HPs)
             Began as a Deep Elf Earth Elementalist on Mar 14, 2021.
             Slain by an orc wizard
             ... wielding a +0 dagger
              (3 damage)
             ... on level 4 of the Dungeon.
             The game lasted 00:11:39 (3087 turns).

jestyr24 the Digger (Deep Elf Earth Elementalist)   Turns: 3087, Time: 00:11:39

Health: -2/28      AC:  3    Str:  5    XL:     5   Next: 23%
Magic:  12/12      EV: 17    Int: 21    God:
Gold:   143        SH:  0    Dex: 15    Spells: 7/11 levels left

rFire    . . .     SeeInvis .   a - +3 shortbow
rCold    . . .     Faith    .   (shield currently unavailable)
rNeg     . . .     Spirit   .   c - +0 robe
rPois    .         Reflect  .   s - +0 helmet
rElec    .         Harm     .   (no cloak)
rCorr    .         Rampage  .   (no gloves)
Will     .....                  (no boots)
Stlth    +.........             r - amulet of the acrobat
HPRegen  0.09/turn              w - +4 ring of evasion
MPRegen  0.13/turn              (no ring)

@: confused, hasted, very quick
A: no striking features
a: no special abilities


You were on level 4 of the Dungeon.
You visited 1 branch of the dungeon, and saw 4 of its levels.

You collected 143 gold pieces.

Inventory:

Hand Weapons
 a - a +3 shortbow (weapon)
 b - a +3 hand axe
 d - a +0 dagger of speed
 B - a +0 long sword
Missiles
 i - 28 poisoned darts
 j - 65 bolts
 k - 30 arrows (quivered ammo)
 v - 7 boomerangs
 x - 143 stones
Armour
 c - a +0 robe (worn)
 s - a +0 helmet (worn)
Jewellery
 l - a ring of ice
 r - an amulet of the acrobat (around neck)
 w - a +4 ring of evasion (right hand)
Wands
 m - a wand of paralysis (8)
Scrolls
 e - 2 scrolls of teleportation
 f - a scroll of noise {unknown}
 g - 2 scrolls of enchant weapon {unknown}
 p - a scroll of immolation {unknown}
 u - a scroll of magic mapping {unknown}
 y - a scroll of enchant armour {unknown}
 A - 5 scrolls of identify
Potions
 h - 2 potions of curing {unknown}
 n - a potion of flight {unknown}
 o - 4 potions of might
 q - a potion of haste
 t - a potion of resistance {unknown}
 z - a potion of heal wounds {unknown}


   Skills:
 + Level 0.6 Fighting
 - Level 2.0 Short Blades
 + Level 3.3 Dodging
 * Level 4.0 Stealth
 + Level 3.8 Spellcasting
 + Level 1.1 Transmutations
 + Level 4.2 Earth Magic


You had 7 spell levels left.
You knew the following spells:

 Your Spells              Type           Power      Damage    Failure   Level
a - Sandblast             Erth           42%        2d11      2%          1
b - Stone Arrow           Conj/Erth      24%        3d8       16%         3

Your spell library contained the following spells:

 Spells                   Type           Power      Damage    Failure   Level
 Passwall                 Tmut/Erth      12%        N/A       6%          2
 Magic Dart               Conj           16%        1d3       12%         1
 Blink                    Tloc           N/A        N/A       19%         2
 Call Imp                 Summ           4%         N/A       19%         2
 Slow                     Hex            4%         N/A       19%         2
 Conjure Flame            Conj/Fire      4%         6-21      36%         3
 Mephitic Cloud           Conj/Pois/Air  4%         N/A       36%         3
 Petrify                  Tmut/Erth      15%        N/A       38%         4
 Lee's Rapid Deconstruct  Erth           10%        3d9*      52%         5


Dungeon Overview and Level Annotations

Branches:
Dungeon (4/15)
 Temple: D:4-7

Altars:
Dithmenos
Makhleb
Okawaru
Ru
Wu Jian


Message History

x - 143 stones The orc closely misses you.
Something hits you. The orc completely misses you.
You hear some strange, mumbled words.
You are confused.
You bump into the rock wall.
The orc hits you with a +2 short sword of flaming.
The orc burns you.
You hear some strange, mumbled words.
A puff of flame appears from out of thin air!
The puff of flame hits you.
You bump into the rock wall.
The orc hits you with a +2 short sword of flaming.
The orc burns you.
You bump into the rock wall.
You bump into the rock wall.
You feel less confused.
You hear some strange, mumbled words.
You are confused.
Something closely misses you.
The orc throws a stone.
The stone completely misses you.
You hear some strange, mumbled words.
You are more confused.
The orc hits you but does no damage.
The orc throws a stone.
You closely miss the orc.
You bump into the rock wall.
The orc throws a stone.
The stone hits you. Something hits you. Something misses you.
You see here the +5 ring mail of Light {rPois rN++ Int-2}.
You clumsily bash the orc but do no damage.
The orc hits you with a +2 short sword of flaming.
* * * LOW HITPOINT WARNING * * *
The orc burns you.
* * * LOW HITPOINT WARNING * * *
Something hits you.
* * * LOW HITPOINT WARNING * * *
The orc barely misses you.
It was a potion of haste.
You feel yourself speed up. Something hits you.
You die...

.#.................#.)...#...#
...............###.##.._..##..#
...............##
#..#.).).#...# ...........#.###
#............# ..(((.(((..#)###
#....###...###
.....(.....#...## ###...#...##
..>..........#..## #......##
..............o{o# #.#.####
..........######@# #...#
..#......# §≈≈#.# ###.#
#####..#≈.>≈#.# ### ##.#≈_.§#.#
#.'≈≈≈≈#.# #.######.#
#........# ##.......# #.......#


You could see 2 orcs.

Vanquished Creatures
  An ogre (D:4)
  2 adders (D:3)
  2 dart slugs (D:1)
  4 leopard geckos
  2 orcs (D:4)
  8 bats
  4 giant cockroaches (D:1)
  5 hobgoblins
  8 kobolds
  A ball python (D:2)
  17 frilled lizards
  3 goblins
  5 rats
62 creatures vanquished.

Vanquished Creatures (others)
  5 plants (D:1)
5 creatures vanquished.

Grand Total: 67 creatures vanquished

Notes
Turn   | Place    | Note
-------+----------+-------------------------------------------
     0 | D:1      | jestyr24 the Deep Elf Earth Elementalist began the quest
                  | for the Orb.
     0 | D:1      | Reached XP level 1. HP: 10/10 MP: 6/6
   108 | D:1      | Reached XP level 2. HP: 15/15 MP: 4/8
   943 | D:1      | Reached XP level 3. HP: 16/19 MP: 1/9
  1094 | D:2      | Found an ornate altar of the Wu Jian Council.
  1195 | D:2      | Found a sacrificial altar of Ru.
  1218 | D:2      | Found a burning altar of Makhleb.
  1969 | D:2      | Learned a level 3 spell: Stone Arrow
  2287 | D:3      | Reached skill level 1 in Short Blades
  2287 | D:3      | Reached XP level 4. HP: 11/24 MP: 9/11
  2904 | D:4      | Found a shadowy altar of Dithmenos.
  2914 | D:4      | Noticed an ogre
  2920 | D:4      | Identified the +5 ring mail of Light {rPois rN++ Int-2}
  2929 | D:4      | Killed an ogre
  2930 | D:4      | Reached XP level 5. HP: 28/28 MP: 8/12
  2945 | D:4      | Found an iron altar of Okawaru.
  3086 | D:4      | HP: 1/28 [something (3)]
  3087 | D:4      | Slain by an orc wizard

Illustrated notes

Levels and vault maps discovered:
D:1:      lightli_molten_gateway, layout_basic, chequers_serial_rivers_large_b,
          supply_closet_lemuel, minmay_lizard_king
D:2:      layout_rooms, lemuel_crystal_altar, nicolae_overflow_hidden_temple,
          lemuel_doored_altar
D:3:      layout_loops_ring
D:4:      layout_rooms, nicolae_yredelemnul_corpse_copse,
          general_overflow_altar, okawaru_ov_weapons_minmay, minivault_11

Skill      XL: |  1  2  3  4 |
---------------+-------------+-----
Earth Magic    | 4 |  4.2
Stealth        | 3 4 |  4.0
Short Blades   | 1 2 |  2.0
Dodging        | 3 |  3.3
Fighting       | |  0.6
Spellcasting   | |  3.8
Transmutations | |  1.1

Action                   |  1- 3 |  4- 6 || total
-------------------------+-------+-------++-------
Melee: Unarmed           |     1 |       ||     1
       Dagger            |   150 |     9 ||   159
       Shortbow          |       |     2 ||     2
 Fire: Shortbow          |       |    10 ||    10
 Cast: Sandblast         |    20 |     6 ||    26
  Use: Scroll            |       |     2 ||     2
       Potion            |       |     1 ||     1
 Stab: Sleeping          |    14 |     1 ||    15
Armor: Robe              |    37 |       ||    37
Dodge: Dodged            |    87 |    11 ||    98

Table legend: (Time is in decaauts)
 A = Elapsed time spent in this place.
 B = Non-inter-level travel time spent in this place.
 C = Inter-level travel time spent in this place.
 D = Time resting spent in this place.
 E = Time spent auto-exploring this place.
 F = Levels seen in this place.
 G = Mean time per level.
                   A        B        C        D        E       F      G
               +--------+--------+--------+--------+--------+-----+--------+
         Total |   3059 |   2968 |     91 |    442 |   1748 |   4 |  764.8 |
       Dungeon |   3059 |   2968 |     91 |    442 |   1748 |   4 |  764.8 |
               +--------+--------+--------+--------+--------+-----+--------+

Top non-repeatable levels by time:
     D:1: 1099 daAuts
     D:3: 917 daAuts
     D:2: 852 daAuts
     D:4: 191 daAuts
